 Dungeon Crawl Stone Soup version 0.25-a0-701-gb30f108f01 (webtiles) character file.

Game seed: 11278911900187244532, levelgen mode: deterministic

15 DasRunzen the Twirler (level 2, -1/25 HPs)
             Began as a Draconian Gladiator on Apr 3, 2020.
             Slain by a frilled lizard (2 damage)
             ... on level 1 of the Dungeon.
             The game lasted 00:00:25 (207 turns).

DasRunzen the Twirler (Draconian Gladiator)          Turns: 207, Time: 00:00:26

Health: -1/25      AC:  4    Str: 16    XL:     2   Next: 34%
Magic:  2/3        EV: 13    Int:  8    God:
Gold:   10         SH:  0    Dex: 12    Spells: 2/2 levels left

rFire    . . .     SeeInvis .   a - +0 quarterstaff
rCold    . . .     Gourm    .   (shield currently unavailable)
rNeg     . . .     Faith    .   (armour unavailable)
rPois    .         Spirit   .   b - +0 hat
rElec    .         Reflect  .   (no cloak)
rCorr    .         Harm     .   (no gloves)
MR       .....                  (no boots)
Stlth    +.........             (no amulet)
HPRegen  0.08/turn              (no ring)
MPRegen  0.08/turn              (no ring)

@: no status effects
A: unfitting armour, cold-blooded, AC +4
a: no special abilities


You were on level 1 of the Dungeon.
You were not hungry.

You visited 1 branch of the dungeon, and saw 1 of its levels.

You collected 10 gold pieces.

Inventory:

Hand Weapons
 a - a +0 quarterstaff (weapon)
Missiles
 c - 3 throwing nets (quivered)
Armour
 b - a +0 hat (worn)
Scrolls
 f - a scroll of remove curse {unknown}
Potions
 e - 2 potions of curing {unknown}
 g - a potion of flight {unknown}
Comestibles
 d - a ration


   Skills:
 + Level 2.5 Fighting
 + Level 3.2 Staves
 - Level 1.7 Throwing
 + Level 2.9 Dodging
 + Level 0.7 Spellcasting


You had 2 spell levels left.
You didn't know any spells.
Your spell library was empty.

Dungeon Overview and Level Annotations

Branches:
Dungeon (1/15)

Altars:


Innate Abilities, Weirdness & Mutations

Your plain brown scales are hard. (AC +4)
You cannot fit into any form of body armour.
You are cold-blooded and may be slowed by cold attacks.


Message History

* * * LOW HITPOINT WARNING * * *
The kobold hits you with a +0 short sword.
* * * LOW HITPOINT WARNING * * *
You hit the kobold.
You kill the kobold!
Something hits you.
* * * LOW HITPOINT WARNING * * *
You barely miss the kobold. Something hits you but does no damage.
The kobold closely misses you.
The frilled lizard bites you but does no damage.
Something hits you but does no damage.
You hit the kobold but do no damage.
Your tail-slap misses the kobold.
The kobold hits you.
* * * LOW HITPOINT WARNING * * *
The frilled lizard bites you but does no damage.
Something hits you but does no damage.
You miss the frilled lizard. The kobold hits you.
* * * LOW HITPOINT WARNING * * *
The frilled lizard bites you.
You die...

........#####..#...######
#..#...............#
#.............####.#
#######.##.###...#### #.#
.......(...# ##.## #.#
###.#.#.#### #.# #..
###.#.#.# #.# ###
.......)### ##+#
#.#.#.#(#@####...##
.......(K.l##.....## ##
#.#.#.#†#.##.......## ##.
.>.................####..
#.#.#.#.#.#.........'.....
....................####..
#.#.# #.#.##.......## ##.
.... .l..........##### ##
.# #.#.#.##........#


You could see a kobold and a frilled lizard.

Vanquished Creatures
  A dart slug (D:1)
  A leopard gecko (D:1)
  3 goblins (D:1)
  A hobgoblin (D:1)
  A ball python (D:1)
  A frilled lizard (D:1)
  A kobold (D:1)
  4 rats (D:1)
13 creatures vanquished.

Notes
Turn   | Place    | Note
-------+----------+-------------------------------------------
     0 | D:1      | DasRunzen the Draconian Gladiator began the quest for the
                  | Orb.
     0 | D:1      | Reached XP level 1. HP: 17/17 MP: 1/1
   189 | D:1      | Reached XP level 2. HP: 23/25 MP: 2/2
   207 | D:1      | HP: 1/25 [kobold (1)]
   207 | D:1      | Slain by a frilled lizard

Levels and vault maps discovered:
D:1:      minmay_arrival_radiant_lines, layout_loops_corners, st_stairs_11,
          grunt_decor_one_mirror

Action                   || total
-------------------------++-------
Melee: Quarterstaff      ||    28
       Tailslap          ||     1
Armor: Skin              ||     8
Dodge: Dodged            ||    17

Table legend:
 A = Non-vault XP
 B = Vault XP
 C = Vault XP percentage of total XP
 D = Non-vault monster count
 E = Vault monster count
 F = Vault count percentage of total count
                 A         B        C        D         E       F
            +---------+---------+-------+---------+---------+-------
      Total |      14 |       8 |  36.4 |      10 |       3 |  23.1
            +---------+---------+-------+---------+---------+-------
        D:1 |      14 |       8 |  36.4 |      10 |       3 |  23.1
            +---------+---------+-------+---------+---------+-------
